 Dungeon Crawl Stone Soup version 0.22.1-1-ga44c0e5 (webtiles) character file.

10966 grimeschap the Spear-Bearer (level 11, -3/81 HPs)
             Began as a Demonspawn Gladiator on Oct 6, 2018.
             Was an Elder of Makhleb.
             Slain by a war gargoyle
             ... wielding a +0 great mace
              (26 damage)
             ... on level 11 of the Dungeon.
             The game lasted 01:01:41 (10377 turns).

grimeschap the Spear-Bearer (Demonspawn Gladiator) Turns: 10377, Time: 01:01:42

Health: -3/81      AC: 11    Str: 16    XL:     11   Next: 43%
Magic:  13/13      EV: 16    Int: 10    God:    Makhleb [****..]
Gold:   542        SH:  0    Dex: 16    Spells: 10/10 levels left

rFire    . . .     SeeInvis .   a - +0 trident
rCold    . . .     Gourm    .   (no shield)
rNeg     . . .     Faith    .   j - +0 ring mail
rPois    .         Spirit   .   (helmet restricted)
rElec    .         Reflect  .   i - +0 cloak
rCorr    .         Harm     .   I - +2 pair of gloves
MR       .....                  (no boots)
Stlth    ++++......             p - amulet of regeneration
HPRegen  1.03/turn              h - ring of stealth
MPRegen  0.13/turn              x - ring of stealth

@: no status effects
A: hooves 1, horns 1, rugged brown scales 2, demonic guardian 1, low mp 1,
nightstalker 1, regeneration 1
a: Minor Destruction, Lesser Servant of Makhleb, Major Destruction, Renounce
Religion


You were on level 11 of the Dungeon.
You worshipped Makhleb.
Makhleb was greatly pleased with you.
You were not hungry.

You visited 2 branches of the dungeon, and saw 12 of its levels.

You collected 542 gold pieces.

Inventory:

Hand Weapons
 a - a +0 trident (weapon)
 n - a +3 scimitar of flaming
 D - a +0 spear
Missiles
 d - 3 throwing nets (quivered)
 q - 5 javelins
Armour
 b - a +0 leather armour
 c - a +0 helmet
 i - a +0 cloak (worn)
 j - a +0 ring mail (worn)
 I - a +2 pair of gloves (worn)
Jewellery
 h - a ring of stealth (left hand)
 m - an uncursed ring of magical power
 p - an amulet of regeneration (around neck)
 s - an uncursed amulet of guardian spirit
 x - a ring of stealth (right hand)
 G - an uncursed ring of see invisible {unknown}
Wands
 e - a wand of iceblast (9)
 l - a wand of polymorph (14)
 u - a wand of flame (28)
Scrolls
 g - 8 scrolls of remove curse
 o - a scroll of fog
 r - 4 scrolls of amnesia {unknown}
 t - 2 scrolls of teleportation
 v - 3 scrolls of magic mapping
 y - 2 scrolls of immolation
 F - a scroll of blinking
 H - a scroll of fear {unknown}
 J - a scroll of enchant armour {unknown}
Potions
 k - 2 potions of lignification {unknown}
 w - a potion of haste {unknown}
 z - a potion of invisibility
 A - 2 potions of cancellation {unknown}
 B - 2 potions of magic
 C - a potion of heal wounds
 E - a potion of brilliance {unknown}
 K - a potion of curing
Comestibles
 f - 25 rations
 L - 2 chunks of flesh


   Skills:
 + Level 4.5 Fighting
 - Level 13.1 Polearms
 - Level 1.7 Throwing
 + Level 2.1 Armour
 - Level 8.9 Dodging
 + Level 5.1 Invocations


You had 10 spell levels left.
You didn't know any spells.
Your spell library contained the following spells:

 Spells                   Type           Power        Failure   Level  Hunger
 Animate Skeleton         Necr           N/A          56%         1    ##.....
 Magic Dart               Conj           #...         56%         1    ##.....
 Pain                     Necr           #...         56%         1    ##.....
 Blink                    Tloc           N/A          71%         2    ###....
 Call Imp                 Summ           #.......     71%         2    ###....
 Slow                     Hex            #.......     71%         2    ###....
 Conjure Flame            Conj/Fire      #.......     91%         3    ####...
 Mephitic Cloud           Conj/Pois/Air  #.......     91%         3    ####...
 Regeneration             Chrm/Necr      #.........   91%         3    ####...
 Vampiric Draining        Necr           #.........   91%         3    ####...
 Animate Dead             Necr           N/A          100%        4    #####..
 Cause Fear               Hex            #.........   100%        4    #####..
 Silence                  Hex/Air        #.........   100%        5    ######.
 Yara's Violent Unravell  Hex/Tmut       #.........   100%        5    ######.
 Deflect Missiles         Chrm/Air       #.........   100%        6    #######
 Discord                  Hex            #.........   100%        8    #######


Dungeon Overview and Level Annotations

Branches:
Dungeon (11/15)            Temple (1/1) D:6            Lair (0/6) D:10
    Orc (0/2) D:9

Altars:
Ashenzari
Cheibriados
Dithmenos
Elyvilon
Fedhas
Gozag
Hepliaklqana
Kikubaaqudgha
Makhleb
Nemelex Xobeh
Okawaru
Qazlal
Ru
Sif Muna
Trog
Uskayaw
Vehumet
Wu Jian
Xom
Yredelemnul
Zin
The Shining One
Beogh


Innate Abilities, Weirdness & Mutations

You have large cloven feet.
You are mostly covered in rugged brown scales. (AC +2, +5% HP)
A weak demonic guardian rushes to your aid.
You are slightly more attuned to the shadows.
You have a pair of small horns on your head.
Your magical capacity is low. (-10% MP)
Your natural rate of healing is unusually fast.


Message History

The war gargoyle is heavily damaged.
The war gargoyle hits you with a great mace!!
You puncture the war gargoyle!
You headbutt the war gargoyle, but do no damage.
The war gargoyle is severely damaged.
You hit the war gargoyle but do no damage.
You kick the war gargoyle, but do no damage.
You headbutt the war gargoyle, but do no damage.
The war gargoyle is severely damaged.
The war gargoyle hits you with a great mace!!!
* * * LOW HITPOINT WARNING * * *
The war gargoyle is no longer covered in acid.
A demon appears!
The war gargoyle launches metal splinters at you.
The spray of metal splinters hits you!
* * * LOW HITPOINT WARNING * * *
The war gargoyle barely misses you.
You feel much better.
The war gargoyle hits you with a great mace!!
You die...

#. .# #.####.#.
#..<...'. #......##
#........ #........
#.9#########
#.@......Y..
#.........Y.
#..4.†#+# #..##.#
#.....#
#.....#############
#.....†............
#.......#.......##.
#......†#÷>#....##.


You could see a war gargoyle and a friendly orange demon.

Vanquished Creatures
  Erica (D:8)
  2 two-headed ogres
  2 unseen horrors
  A troll (D:10)
  A meliai zombie (D:10)
  A vampire (D:11)
  4 yaks (D:11)
  A hungry ghost (D:7)
  Duvessa (D:5)
  3 ice beasts
  4 sky beasts
  6 ogres
  3 black bears
  5 orc warriors
  4 centaurs
  A phantom (D:4)
  The ghost of Kay the Chopper, an amateur DsGl (D:4)
  2 wolves (D:8)
  A big kobold (D:8)
  6 bullfrogs
  A wyvern zombie (D:8)
  A gnoll sergeant (D:6)
  Dowan (D:5)
  A water moccasin skeleton (D:5)
  4 scorpions
  9 killer bees
  8 howler monkeys
  4 electric eels (D:10)
  2 bullfrog zombies
  6 crimson imps
  A centaur zombie (D:10)
  2 jellies
  A centaur skeleton (D:10)
  5 hounds
  11 orc priests
  2 bullfrog skeletons (D:9)
  2 iguanas
  10 orc wizards
  8 worker ants
  3 hound zombies
  2 hound skeletons
  Robin (D:2)
  6 gnolls
  2 worker ant zombies
  14 adders
  5 shadow imps
  3 oozes
  3 adder skeletons
  4 worms
  2 dart slugs
  4 leopard geckos
  44 orcs
  5 giant cockroaches
  18 goblins
  8 hobgoblins
  7 jackals
  12 kobolds
  4 quokkas
  4 bats
  3 frilled lizards
  A goblin zombie (D:5)
  2 quokka skeletons
  11 rats
  A rat zombie (D:5)
298 creatures vanquished.

Vanquished Creatures (collateral kills)
  Pikel (D:5)
  Prince Ribbit (D:8)
  A hippogriff (D:9)
  Grum (D:8)
  An orc warrior (D:8)
  3 slaves (D:5)
  A scorpion (D:9)
  3 orc wizards
  An adder (D:7)
  A shadow imp (D:7)
  2 orcs
  2 jackals (D:6)
18 creatures vanquished.

Grand Total: 316 creatures vanquished

Notes
Turn   | Place    | Note
-------+----------+-------------------------------------------
     0 | D:1      | grimeschap the Demonspawn Gladiator began the quest for the
                  | Orb.
     0 | D:1      | Reached XP level 1. HP: 16/16 MP: 1/1
    63 | D:1      | Reached skill level 3 in Polearms
    87 | D:1      | Gained mutation: You are slightly more attuned to the
                  | shadows. [demonic ancestry]
    87 | D:1      | Reached XP level 2. HP: 22/22 MP: 2/2
   462 | D:1      | Reached XP level 3. HP: 13/27 MP: 3/3
   560 | D:1      | Reached skill level 4 in Polearms
   956 | D:2      | Noticed Robin
   981 | D:2      | Killed Robin
   981 | D:2      | Gained mutation: You are partially covered in rugged brown
                  | scales. (AC +1, +3% HP) [demonic ancestry]
   981 | D:2      | Reached XP level 4. HP: 23/33 MP: 4/4
  1539 | D:2      | Reached skill level 5 in Polearms
  2088 | D:3      | Gained mutation: You are mostly covered in rugged brown
                  | scales. (AC +2, +5% HP) [demonic ancestry]
  2088 | D:3      | Reached XP level 5. HP: 29/39 MP: 5/5
  2860 | D:4      | Reached skill level 6 in Polearms
  2998 | D:4      | Noticed a phantom
  3068 | D:4      | Killed a phantom
  3068 | D:4      | Reached XP level 6. HP: 32/46 MP: 6/6
  3279 | D:4      | Found a runed gate.
  3280 | D:4      | Found a runed gate.
  3280 | D:4      | Found a runed gate.
  3282 | D:4      | Noticed Kay's ghost (amateur DsGl)
  3319 | D:4      | Killed Kay's ghost
  3319 | D:4      | Reached skill level 7 in Polearms
  3381 | D:5      | Entered Level 5 of the Dungeon
  3405 | D:5      | Reached XP level 7. HP: 39/52 MP: 7/7
  3538 | D:5      | Reached skill level 8 in Polearms
  3564 | D:5      | Noticed Duvessa
  3569 | D:5      | Noticed Dowan
  3599 | D:5      | Killed Duvessa
  3618 | D:5      | Killed Dowan
  3692 | D:5      | Reached skill level 9 in Polearms
  3692 | D:5      | Gained mutation: A weak demonic guardian rushes to your
                  | aid. [demonic ancestry]
  3692 | D:5      | Reached XP level 8. HP: 58/58 MP: 8/8
  3701 | D:5      | Noticed Pikel
  3737 | D:5      | Killed Pikel
  3737 | D:5      | Reached skill level 10 in Polearms
  4031 | D:5      | Found a sand-covered staircase.
  4555 | D:6      | Reached skill level 11 in Polearms
  4723 | D:6      | Found a staircase to the Ecumenical Temple.
  4731 | Temple   | Entered the Ecumenical Temple
  4782 | Temple   | Became a worshipper of Makhleb the Destroyer
  4876 | D:6      | Reached XP level 9. HP: 64/64 MP: 9/9
  5826 | D:7      | Reached * piety under Makhleb
  5966 | D:7      | Reached skill level 5 in Dodging
  6367 | D:7      | Gained mutation: You have a pair of small horns on your
                  | head. [potion of mutation]
  6367 | D:7      | Gained mutation: Your magical capacity is low. (-10% MP)
                  | [potion of mutation]
  6367 | D:7      | Gained mutation: Your natural rate of healing is unusually
                  | fast. [potion of mutation]
  6547 | D:8      | Reached skill level 12 in Polearms
  6573 | D:8      | Noticed Erica
  6597 | D:8      | Killed Erica
  6597 | D:8      | Reached XP level 10. HP: 32/70 MP: 9/9
  6715 | D:8      | Noticed a two-headed ogre
  6722 | D:8      | Reached ** piety under Makhleb
  6727 | D:8      | Killed a two-headed ogre
  6741 | D:8      | Noticed Prince Ribbit
  6749 | D:8      | Killed Prince Ribbit
  6764 | D:8      | Found an ancient bone altar of Kikubaaqudgha.
  6871 | D:8      | Found a deep blue altar of Sif Muna.
  7137 | D:8      | Noticed Grum
  7174 | D:8      | Killed Grum
  7506 | D:9      | Reached *** piety under Makhleb
  7561 | D:9      | Found a staircase to the Orcish Mines.
  7577 | D:9      | Found a roughly hewn altar of Beogh.
  7848 | D:9      | Reached skill level 13 in Polearms
  8301 | D:10     | Entered Level 10 of the Dungeon
  8453 | D:10     | Found an iron altar of Okawaru.
  8741 | D:10     | Reached skill level 1 in Invocations
  8745 | D:10     | Reached **** piety under Makhleb
  8884 | D:10     | Gained mutation: You have large cloven feet. [demonic
                  | ancestry]
  8884 | D:10     | Reached XP level 11. HP: 76/76 MP: 10/10
  8978 | D:10     | Killed an unseen horror
  9151 | D:10     | Found a staircase to the Lair.
  9761 | D:11     | Noticed a two-headed ogre
  9771 | D:11     | Killed a two-headed ogre
 10005 | D:11     | Killed an unseen horror
 10005 | D:11     | Reached skill level 1 in Armour
 10341 | D:11     | Reached skill level 5 in Invocations
 10361 | D:11     | Noticed a war gargoyle
 10376 | D:11     | HP: 1/81 [war gargoyle/spray of metal splinters (8)]
 10377 | D:11     | Slain by a war gargoyle

Skill      XL: |  1  2  3  4  5  6  7  8  9 10 11 |
---------------+----------------------------------+-----
Polearms       | 3 4 5 6 7 9 11 12 13 | 13.1
Dodging        | 6 8 |  8.9
Invocations    | 1 5 |  5.1
Fighting       | 4 |  4.5
Armour         | 2 |  2.1
Throwing       | |  1.7

Action                   |  1- 3 |  4- 6 |  7- 9 | 10-12 || total
-------------------------+-------+-------+-------+-------++-------
Melee: Trident           |   102 |   266 |   628 |   596 ||  1592
       Headbutt          |       |       |    14 |    98 ||   112
       Kick              |       |       |       |    59 ||    59
Throw: Throwing net      |       |     2 |       |       ||     2
Invok: Minor Destruction |       |       |       |    56 ||    56
       Lesser Servant of |       |       |       |     1 ||     1
  Use: Scroll            |       |     6 |     4 |     5 ||    15
       Potion            |       |     4 |     5 |     6 ||    15
 Stab: Sleeping          |     9 |     5 |     7 |    19 ||    40
       Distracted        |       |     2 |     6 |     4 ||    12
  Eat: Chunk             |       |     5 |    13 |     6 ||    24
       Ration            |       |     1 |       |     2 ||     3
Armor: Leather armour    |    14 |       |       |       ||    14
       Ring mail         |     8 |    76 |   138 |   193 ||   415
Dodge: Dodged            |    34 |   131 |   254 |   332 ||   751
